 Dungeon Crawl Stone Soup version 0.17.1-2-g5865329 (webtiles) character file.

41555 aurelian the Arsonist (level 13, 0/102 HPs)
             Began as a Red Draconian Ice Elementalist on Apr 12, 2016.
             Was a High Priest of Vehumet.
             Slain by a spiny frog (11 damage)
             ... on level 8 of the Lair of Beasts on Apr 13, 2016.
             The game lasted 01:52:46 (26409 turns).

aurelian the Arsonist (DrIE)                       Turns: 26409, Time: 01:52:46

Health: 0/102      AC: 18    Str: 10    XL:     13   Next: 80%
Magic:  13/36      EV: 21    Int: 23    God:    Vehumet [*****.]
Gold:   749        SH:  7    Dex: 18    Spells: 9 memorised, 3 levels left

rFire  + . .     SeeInvis .     d - staff of wizardry
rCold  + . .     Clarity  .     (armour unavailable)
rNeg   + . .     SustAt   .     j - +1 buckler
rPois  .         Gourm    .     (helmet restricted)
rElec  .         Spirit   .     (no cloak)
rCorr  +         Warding  .     X - +2 pair of gloves "Ilighuys" {rC+ Regen+}
rMut   .         Stasis   .     (no boots)
MR     .....                    p - amulet of resist corrosion
Stlth  +++++.....               O - ring "Ehamethu" {rN+ MP+9 Int+3}
                                o - ring of stealth

@: agile, lethally poisoned (0 -> -2), icy armour, not resistant to hostile
enchantments, quite stealthy
A: breathe fire, unfitting armour, fire resistance 1, cold-blooded, AC +8
a: Breathe Fire, Renounce Religion


You were on level 8 of the Lair of Beasts.
You worshipped Vehumet.
Vehumet was extremely pleased with you.
You were very hungry.

You visited 2 branches of the dungeon, and saw 17 of its levels.
You also visited: Labyrinth.

You collected 1253 gold pieces.
You spent 504 gold pieces at shops.

Inventory:

Hand Weapons
 l - a +2 hunting sling of flaming
 C - the +4 dagger "Morg" {pain, MR+ Int+5}
   (You found it in a labyrinth)

   In the hands of one skilled in necromantic magic, it inflicts extra damage on
   living creatures.
   It affects your intelligence (+5).
   It affects your resistance to hostile enchantments.
Missiles
 f - 422 stones (quivered)
 w - 23 sling bullets of flame
 y - 20 sling bullets
Armour
 j - a +1 buckler (worn)
 X - the +2 pair of gloves "Ilighuys" (worn) {rC+ Regen+}
   (You found it in a labyrinth)

   It protects you from cold.
   It increases your rate of regeneration.
Magical Staves
 d - an uncursed staff of wizardry (weapon)
 Z - an uncursed staff of power
Rods
 z - a +0 rod of the swarm (2/12)
   (You found it on level 4 of the Lair of Beasts)
Jewellery
 g - an uncursed ring of ice
 m - the amulet "Wanif" {Faith +Blink rPois Stlth+}
   (You found it on level 8 of the Dungeon)

   [amulet of faith]

   It allows you to gain divine favour quickly.
   It protects you from poison.
   It lets you blink.
   It makes you more stealthy.
 o - a ring of stealth (left hand)
 p - an amulet of resist corrosion (around neck)
 x - an uncursed ring of see invisible
 E - a +4 ring of strength
 J - an uncursed ring of positive energy
 L - an uncursed ring of protection from magic
 O - the ring "Ehamethu" (right hand) {rN+ MP+9 Int+3}
   (You found it on level 8 of the Dungeon)

   [ring of magical power]

   It affects your intelligence (+3).
   It protects you from negative energy.
   It affects your magic capacity (+9).
Wands
 s - a wand of confusion (15)
 G - a wand of frost (14)
 K - a wand of fireball (6)
 U - a wand of heal wounds (4)
 Y - a wand of draining (5)
Scrolls
 h - 2 scrolls of identify
 k - 5 scrolls of fog
 r - 6 scrolls of amnesia
 A - 7 scrolls of remove curse
 T - a scroll of recharging
Potions
 e - a potion of cure mutation
 t - 3 potions of curing
 v - 5 potions of brilliance
 F - 2 potions of berserk rage
 H - 3 potions of flight
 P - 2 potions of might
 R - a potion of magic
 W - 2 potions of resistance
Books
 a - a book of Frost

   Spells                             Type                      Level
   a - Freeze                         Ice                          1
   b - Throw Frost                    Conjuration/Ice              2
   c - Ozocubu's Armour               Charms/Ice                   3
   d - Throw Icicle                   Conjuration/Ice              4
   e - Summon Ice Beast               Ice/Summoning                4
   f - Condensation Shield            Ice                          4
 n - a book of the Tempests

   Spells                             Type                      Level
   a - Static Discharge               Conjuration/Air              3
   b - Lightning Bolt                 Conjuration/Air              5
   c - Fireball                       Conjuration/Fire             5
   d - Tornado                        Air                          9
   e - Shatter                        Earth                        9
 V - a book of Alchemy

   Spells                             Type                      Level
   a - Sublimation of Blood           Necromancy                   2
   b - Ignite Poison                  Fire/Transmutation/Poison    3
   c - Alistair's Intoxication        Transmutation/Poison         4
   d - Condensation Shield            Ice                          4
   e - Petrify                        Transmutation/Earth          4
   f - Irradiate                      Conjuration/Transmutation    5
Comestibles
 b - 8 bread rations
 i - 4 chunks of flesh
 u - 8 meat rations
 Q - 5 beef jerkies
 S - 3 slices of pizza


   Skills:
 + Level 5.7 Fighting
 + Level 5.6 Dodging
 + Level 4.9 Stealth
 - Level 5.0 Shields
 - Level 10.1 Spellcasting
 - Level 11.0 Conjurations
 - Level 2.3 Charms
 - Level 5.0 Summonings
 + Level 12.8 Fire Magic
 - Level 8.1 Ice Magic
 * Level 3.4 Air Magic


You had 3 spell levels left.
You knew the following spells:

 Your Spells              Type           Power        Failure   Level  Hunger
a - Throw Icicle          Conj/Ice       ######..     1%          4    #......
b - Flame Tongue          Conj/Fire      #####        1%          1    None
c - Ozocubu's Armour      Chrm/Ice       #####...     1%          3    None
d - Freeze                Ice            ####         1%          1    None
e - Throw Frost           Conj/Ice       ######       1%          2    None
f - Summon Ice Beast      Ice/Summ       #####...     1%          4    #......
g - Fireball              Conj/Fire      ######....   1%          5    ####...
h - Ignite Poison         Fire/Trmt/Pois ####....     1%          3    None
i - Freezing Cloud        Conj/Ice/Air   #####.....   4%          6    ######.


Dungeon Overview and Level Annotations

Branches:
Dungeon (10/15)            Temple (0/1) D:5            Lair (8/8) D:10
 Shoals (0/4) Lair:4        Snake (0/4) Lair:4          Orc (0/4) D:10
  Slime: Lair:6-8

Altars:
Ashenzari
Dithmenos
Gozag
Makhleb
Okawaru
Qazlal
Ru
Trog
Vehumet
Xom
Yredelemnul
The Shining One

Shops:
D:8 ?   D:10 }


Innate Abilities, Weirdness & Mutations

You can breathe blasts of fire.
Your fiery red scales are hard (AC +8).
Your body does not fit into most forms of armour.
Your flesh is heat resistant.
You are cold-blooded and may be slowed by cold attacks.


Message History

You block the vampire mosquito's attack.
The spiny frog misses you. The sheep bites your worm!
Your worm dies!
Your worm's corpse disappears in a puff of smoke!
The vampire mosquito closely misses you.
Your worker ant bites the spiny frog but does no damage.
You block the spiny frog's attack.
Read which item? (? for menu, Esc to quit)
Okay, then.
Read which item? (? for menu, Esc to quit)
Okay, then.
Unknown command.
Read which item? (? for menu, Esc to quit)
Charge which item? (? for menu, Esc to quit)
As you read the scroll of recharging, it crumbles to dust.
Your wand of heal wounds (0) glows for a moment and now has 4 charges.
You feel sick.
The vampire mosquito completely misses you.
The giant frog misses you. The spiny frog stings you!
You die...

.≈ ≈≈≈≈≈≈≈.≈≈.≈≈.≈.....!.......
.≈.
≈.Y≈;≈≈≈≈≈≈................+
P.≈P
≈.Y≈;≈≈≈≈≈................#.
...≈P≈≈≈Y;≈≈Y....≈.............
# .†...≈≈≈≈...P.....≈.....
.P.≈....PP.YP.Y§YP......
...≈.≈P..P.P.≈YFF§......
.............§YyFy......
.............§YF@F......
...............FFF......
................Fa......
.....PP.................
...P.P..$###.....#...P..
....PPP.P #....#.....#.
....PP.. ....#.#.....# .....
..... ...... .....


You could see 6 spiny frogs, 2 vampire mosquitoes, 3 giant frogs, 7 sheep, 3
electric eels and a friendly worker ant.

Vanquished Creatures
  A hydra (D:9)
  A minotaur (Lab)
  A catoblepas (Lair:3)
  5 death yaks
  Urug (Lair:1)
  3 hill giants (D:10)
  A griffon (Lair:4)
  6 elephants
  A manticore (Lair:4)
  5 black mambas
  13 spiny frogs
  A torpor snail (Lair:4)
  A fire drake (Lair:4)
  4 komodo dragons
  A merfolk (Lair:4)
  A polar bear (Lair:5)
  23 blink frogs
  5 basilisks
  44 yaks
  5 vampire mosquitoes (Lair:8)
  Eustachio (D:5)
  7 hippogriffs
  A hungry ghost (D:7)
  4 wyverns
  10 water moccasins
  3 nagas (Lair:4)
  4 porcupines
  Duvessa (D:5)
  A black bear (D:10)
  4 ice beasts
  2 orc warriors
  A sky beast (D:9)
  2 centaurs
  4 phantoms
  The ghost of ArcMage the Skirmisher, an amateur DsAK of Lugonu (D:3)
  13 crocodiles
  4 ogres
  7 big kobolds
  19 giant frogs
  2 gnoll sergeants
  A wyvern zombie (D:7)
  Dowan (D:5)
  5 scorpions
  A water moccasin skeleton (D:8)
  4 wights
  5 crimson imps
  An electric eel (Lair:4)
  A jelly (D:8)
  A giant frog zombie (D:5)
  8 hounds
  3 centaur skeletons
  2 gnoll shamans (D:4)
  3 centaur zombies
  3 quasits
  7 orc priests
  2 iguanas
  Natasha (thrice) (D:3)
  7 orc wizards
  22 sheep
  4 worker ants
  2 hound zombies
  2 hound skeletons (D:5)
  2 worker ant zombies
  Robin (D:3)
  14 adders
  54 gnolls
  49 river rats
  2 shadow imps
  An ooze (D:1)
  4 adder zombies
  A worm (D:2)
  3 adder skeletons
  3 giant geckos
  37 orcs
  4 ball pythons
  9 giant cockroaches
  9 hobgoblins
  29 jackals
  37 kobolds
  5 quokkas
  11 bats
  A giant gecko skeleton (D:8)
  7 giant newts
  16 goblins
  A jackal zombie (D:5)
  2 quokka zombies
  7 rats
  A bush (Lair:3)
  2 fungi
  A plant (Lair:3)
615 creatures vanquished.

Vanquished Creatures (collateral kills)
  An elephant (Lair:3)
  A gargoyle (D:10)
  2 spiny frogs (Lair:8)
  2 tengu conjurers (D:10)
  A vampire mosquito (Lair:8)
  A crocodile (Lair:1)
8 creatures vanquished.

Vanquished Creatures (others)
  17 fungi
  34 plants
51 creatures vanquished.

Grand Total: 674 creatures vanquished

Notes
Turn   | Place    | Note
--------------------------------------------------------------
     0 | D:1      | aurelian the Draconian Ice Elementalist began the quest for the Orb.
     0 | D:1      | Reached XP level 1. HP: 14/14 MP: 3/3
   439 | D:1      | Reached XP level 2. HP: 10/20 MP: 0/5
   856 | D:1      | Reached skill level 4 in Ice Magic
  1121 | D:1      | Reached XP level 3. HP: 26/26 MP: 4/6
  1875 | D:2      | Found an opulent altar of Gozag.
  1901 | D:2      | Reached XP level 4. HP: 33/33 MP: 7/7
  1973 | D:2      | Reached skill level 5 in Ice Magic
  2071 | D:2      | Found a bloodstained altar of Trog.
  2153 | D:2      | Found a stormy altar of Qazlal.
  2154 | D:2      | Noticed an air elemental
  2156 | D:2      | Noticed a water elemental
  2156 | D:2      | Noticed an earth elemental
  2156 | D:2      | Noticed a fire elemental
  2474 | D:3      | Noticed ArcMage's ghost (amateur DsAK)
  2581 | D:3      | Killed ArcMage's ghost
  2581 | D:3      | Reached XP level 5. HP: 36/38 MP: 3/8
  2697 | D:3      | Noticed Natasha
  2725 | D:3      | Killed Natasha
  2756 | D:3      | Noticed Natasha
  2762 | D:3      | Killed Natasha
  2823 | D:2      | Learned a level 2 spell: Throw Frost
  2827 | D:2      | Learned a level 3 spell: Ozocubu's Armour
  3152 | D:3      | Reached XP level 6. HP: 45/45 MP: 9/9
  3285 | D:3      | Reached skill level 6 in Ice Magic
  3286 | D:3      | Noticed Robin
  3363 | D:3      | Noticed Natasha
  3364 | D:3      | Killed Natasha
  3449 | D:3      | Killed Robin
  3771 | D:4      | Reached skill level 1 in Fighting
  4080 | D:4      | Found a radiant altar of Vehumet.
  4092 | D:4      | Became a worshipper of Vehumet
  4118 | D:4      | Found a shadowy altar of Dithmenos.
  4164 | D:4      | Found a basalt altar of Yredelemnul.
  4556 | D:4      | Reduced skill Ice Magic to level 5
  4556 | D:4      | Your scales start taking on a fiery red colour.
  4556 | D:4      | Gained mutation: Your flesh is heat resistant. [Red Draconian growth]
  4556 | D:4      | Reached XP level 7. HP: 37/55 MP: 0/11
  4730 | D:4      | Reached * piety under Vehumet
  4730 | D:4      | Offered knowledge of Sandblast by Vehumet.
  5906 | D:4      | Reached skill level 6 in Ice Magic
  5943 | D:4      | Reached XP level 8. HP: 61/61 MP: 9/12
  6418 | D:4      | Offered knowledge of Flame Tongue by Vehumet.
  6419 | D:4      | Reached ** piety under Vehumet
  6449 | D:4      | Learned a level 1 spell: Flame Tongue
  6461 | D:5      | Entered Level 5 of the Dungeon
  6496 | D:5      | Reached skill level 1 in Fire Magic
  6505 | D:5      | Noticed Dowan
  6508 | D:5      | Noticed Eustachio
  6514 | D:5      | Noticed Duvessa
  6644 | D:4      | Learned a level 4 spell: Throw Icicle
  6906 | D:5      | Found a staircase to the Ecumenical Temple.
  7021 | D:5      | Reached skill level 7 in Ice Magic
  7148 | D:5      | Learned a level 4 spell: Summon Ice Beast
  7415 | D:5      | Killed Duvessa
  7415 | D:5      | Reached skill level 1 in Summonings
  7421 | D:5      | Killed Dowan
  7911 | D:5      | Found a sacrificial altar of Ru.
  7924 | D:5      | Found a glowing golden altar of the Shining One.
  7940 | D:5      | Found a shattered altar of Ashenzari.
  8010 | D:5      | Killed Eustachio
  8010 | D:5      | Reached XP level 9. HP: 65/70 MP: 8/15
  8141 | D:5      | Found a burning altar of Makhleb.
  8295 | D:5      | Found a shimmering altar of Xom.
  8329 | D:5      | Offered knowledge of Dazzling Spray by Vehumet.
  8329 | D:5      | Reached skill level 5 in Conjurations
  8818 | D:6      | Reached *** piety under Vehumet
  9271 | D:6      | Found an iron altar of Okawaru.
  9640 | D:7      | Offered knowledge of Sticky Flame by Vehumet.
  9640 | D:7      | Reached skill level 5 in Spellcasting
  9834 | D:7      | Reached **** piety under Vehumet
  9847 | D:7      | Offered knowledge of Fireball by Vehumet.
 10252 | D:7      | Learned a level 5 spell: Fireball
 10717 | D:8      | Found a basalt altar of Yredelemnul.
 10720 | D:8      | Found Epetar's Magic Scroll Shop.
 11011 | D:8      | Got a transparent diamond amulet
 11148 | D:8      | Identified the amulet "Wanif" {Faith +Blink rPois Stlth+} (You found it on level 8 of the Dungeon)
 11275 | D:8      | Reached XP level 10. HP: 58/78 MP: 13/19
 11437 | D:8      | Got a pitted pewter ring
 11547 | D:8      | Identified the ring "Ehamethu" {rN+ MP+9 Int+3} (You found it on level 8 of the Dungeon)
 11736 | D:9      | Reached skill level 8 in Conjurations
 12103 | D:9      | Reached skill level 5 in Fire Magic
 12670 | D:9      | Reached skill level 9 in Conjurations
 12864 | D:8      | Reached skill level 1 in Charms
 13032 | D:9      | Reached ***** piety under Vehumet
 13052 | D:9      | Noticed a three-headed hydra
 13075 | D:9      | Killed a three-headed hydra
 13280 | D:9      | Offered knowledge of Irradiate by Vehumet.
 13909 | D:9      | Reached XP level 11. HP: 84/84 MP: 20/20
 14160 | D:10     | Entered Level 10 of the Dungeon
 14321 | D:10     | Found Causoifi's Gadget Boutique.
 14480 | D:10     | Bought a wand of heal wounds (2) for 504 gold pieces
 14496 | D:10     | Found a staircase to the Orcish Mines.
 14502 | D:10     | Noticed a hill giant
 14523 | D:10     | Killed a hill giant
 14615 | D:10     | Found a staircase to the Lair.
 14857 | D:10     | Noticed a hill giant
 14860 | D:10     | Killed a hill giant
 14860 | D:10     | Reached skill level 5 in Dodging
 14860 | D:10     | Reached skill level 10 in Conjurations
 15021 | D:10     | Found a shattered altar of Ashenzari.
 15101 | D:10     | Noticed a hill giant
 15117 | D:10     | Killed a hill giant
 15358 | D:10     | Reached skill level 5 in Fighting
 15536 | D:10     | Reached skill level 1 in Shields
 16032 | Lair:1   | Entered Level 1 of the Lair of Beasts
 16270 | Lair:1   | Noticed Urug
 16361 | Lair:1   | Killed Urug
 16645 | Lair:1   | Reached skill level 5 in Shields
 16694 | Lair:1   | Reached skill level 10 in Fire Magic
 17671 | Lair:1   | Reached skill level 11 in Fire Magic
 17671 | Lair:1   | Reached XP level 12. HP: 67/94 MP: 18/21
 18717 | Lair:2   | Found a labyrinth entrance.
 18853 | Lab      | Entered a labyrinth
 19951 | Lab      | Noticed a minotaur
 19956 | Lab      | Killed a minotaur
 19971 | Lab      | Got a pair of faintly glowing gloves
 20069 | Lair:2   | Identified the +2 pair of gloves "Ilighuys" {rC+ Regen+} (You found it in a labyrinth)
 21310 | Lair:3   | Noticed a catoblepas
 21332 | Lair:3   | Killed a catoblepas
 21785 | Lair:2   | Offered knowledge of Ozocubu's Refrigeration by Vehumet.
 22139 | Lair:3   | Reached skill level 10 in Spellcasting
 22373 | Lair:4   | Found a staircase to the Snake Pit.
 22811 | Lair:4   | Reached XP level 13. HP: 100/100 MP: 12/27
 22968 | Lair:4   | Identified a +0 rod of the swarm (12/12) (You found it on level 4 of the Lair of Beasts)
 23088 | Lair:4   | Reached skill level 5 in Summonings
 23659 | Lair:4   | Found a staircase to the Shoals.
 24230 | Lair:5   | Learned a level 3 spell: Ignite Poison
 24331 | Lair:5   | Reached skill level 12 in Fire Magic
 25505 | Lair:6   | You fall through a shaft for 2 floors!
 25505 | Lair:8   | Entered Level 8 of the Lair of Beasts
 25556 | Lair:8   | Offered knowledge of Freezing Cloud by Vehumet.
 25564 | Lair:8   | Learned a level 6 spell: Freezing Cloud
 25647 | Lair:8   | Reached skill level 1 in Air Magic
 26409 | Lair:8   | Slain by a spiny frog

Action                   |  1- 3 |  4- 6 |  7- 9 | 10-12 | 13-15 || total
-------------------------+-------+-------+-------+-------+-------++-------
Melee: Mace              |     8 |       |       |       |       ||     8
       Hunting sling     |       |     1 |     1 |       |       ||     2
       Lajatang          |       |       |       |     1 |       ||     1
 Fire: Hunting sling     |    29 |   116 |   435 |   159 |       ||   739
Throw: Stone             |     7 |       |       |       |       ||     7
 Cast: Freeze            |    59 |    86 |   195 |   168 |   166 ||   674
       Ozocubu's Armour  |       |     1 |    10 |    34 |    10 ||    55
       Flame Tongue      |       |       |    23 |   350 |   110 ||   483
       Summon Ice Beast  |       |       |     2 |    22 |     7 ||    31
       Throw Icicle      |       |       |       |    91 |    82 ||   173
       Fireball          |       |       |       |    54 |    32 ||    86
       Throw Frost       |       |       |       |    29 |       ||    29
       Ignite Poison     |       |       |       |       |     2 ||     2
 Abil: Breathe Fire      |       |       |     1 |       |       ||     1
Evoke: Wand              |       |       |       |       |     5 ||     5
       Rod               |       |       |       |       |     2 ||     2
  Use: Scroll            |     9 |     5 |     5 |     7 |    16 ||    42
       Potion            |       |     4 |     1 |     1 |     8 ||    14
  Eat: Chunk             |     4 |     9 |    15 |    37 |    16 ||    81
       Fruit             |       |       |     4 |    14 |       ||    18
       Beef jerky        |       |       |     2 |       |       ||     2
       Pizza             |       |       |       |     2 |     1 ||     3
       Royal jelly       |       |       |       |     2 |       ||     2
